 Dungeon Crawl Stone Soup version 0.28.0-43-g3370ac3207 (console) character file.

Game seed: 11147061304549484250

10 Zeor the Gusty (level 2, -1/11 HPs)
             Began as a Felid Air Elementalist on Mar 31, 2022.
             Slain by a hobgoblin (4 damage)
             ... on level 1 of the Dungeon.
             The game lasted 00:01:28 (397 turns).

Zeor the Gusty (Felid Air Elementalist)              Turns: 397, Time: 00:01:28

Health: -1/11      AC:  1    Str:  4    XL:     2   Next: 10%
Magic:  2/6        EV: 17    Int: 16    God:
Gold:   22         SH:  0    Dex: 16    Spells: 2/5 levels left
                                        Lives:  0   Deaths: 0

rFire   . . .      SeeInvis +   (weapon unavailable)
rCold   . . .      Faith    .   (shield unavailable)
rNeg    . . .      Spirit   .   (armour unavailable)
rPois   .          Reflect  .   (helmet unavailable)
rElec   .          Harm     .   (cloak unavailable)
rCorr   .          Rampage  .   (gloves unavailable)
Will    .....                   (boots unavailable)
Stlth   ++........              (no amulet)
HPRegen 0.03/turn               (no ring)
MPRegen 0.10/turn               (no ring)

@: quick
A: very small, claws 1, fangs 3, see invisible, speed 1, shaggy fur 1, stealthy
paws, no weapons or thrown items, no armour, multi-lived
a: no special abilities


You were on level 1 of the Dungeon.
You visited 1 branch of the dungeon, and saw 2 of its levels.

You collected 22 gold pieces.

Inventory:

Potions
 a - a potion of heal wounds {unknown}
 b - 2 potions of flight {unknown}
 c - a potion of resistance {unknown}
 d - a potion of attraction {unknown}
 e - a potion of curing {unknown}


   Skills:
 + Level 2.8 Dodging
 + Level 2.7 Stealth
 * Level 2.4 Spellcasting
 + Level 0.8 Conjurations
 + Level 2.9 Air Magic


You had 2 spell levels left.
You knew the following spells:

 Your Spells              Type           Power      Damage    Failure   Level
a - Shock                 Conj/Air       32%        1d5       9%          1
b - Static Discharge      Conj/Air       8%         N/A       14%         2

Your spell library contained the following spells:

 Spells                   Type           Power      Damage    Failure   Level
 Swiftness                Air            11%        N/A       19%         3
 Airstrike                Air            5%         N/A       52%         4


Dungeon Overview and Level Annotations

Branches:
Dungeon (2/15)

Altars:


Innate Abilities, Weirdness & Mutations

You have sharp claws.
You have razor-sharp teeth.
You have supernaturally acute eyesight. (SInv)
You cover ground quickly. (Speed+)
You are covered in fur. (AC +1)
Your paws help you pounce on unaware monsters.
You are incapable of wielding weapons or throwing items.
You cannot wear armour.
You gain extra lives every three experience levels.


Message History

The ball python completely misses you. The ball python closely misses you.
The ball python completely misses you. The ball python misses you.
The hobgoblin shouts!
There is a stone staircase leading down here.
The ball python completely misses you. The ball python misses you.
The ball python closely misses you. The ball python completely misses you.
You climb downwards.
There is a stone staircase leading up here.
Aiming: Shock (safe; 10% risk of failure)
Press: ? - help, Q - select action Shift-Dir - straight line That beam is likely to hit you.
Continue anyway?
Okay, then.
You barely miss the ball python.
The ball python completely misses you. x2
You scratch the ball python. You bite the ball python.
You kill the ball python!
You start waiting.
Done waiting.
There is a stone staircase leading up here.
Memorise Static Discharge, consuming 2 spell levels and leaving 2?
You start memorising the spell.
You continue memorising. x2
You finish memorising.
Spell assigned to 'b'.
You climb upwards.
The ball python misses you. The ball python closely misses you.
The hobgoblin misses you. The hobgoblin barely misses you.
The ball python barely misses you. x2
There is a stone staircase leading down here.
Casting: Shock (safe; 9% risk of failure)
Confirm with . or Enter, or press ? or * to list all spells.
The hobgoblin is struck by an arc of lightning.
The hobgoblin is almost dead.
The lightning grounds out.
The hobgoblin misses you. The hobgoblin closely misses you.
The ball python closely misses you. The ball python misses you.
The hobgoblin hits you. x2
* * * LOW HITPOINT WARNING * * *
Casting: Static Discharge (safe; 14% risk of failure)
Confirm with . or Enter, or press ? or * to list all spells.
The hobgoblin is struck by an arc of lightning.
The hobgoblin is severely wounded.
The lightning grounds out.
The hobgoblin hits you.
You die...

▒▒▒▒ ∙▒▒ ▒∙P♣ ∙∙∙ ∙∙
▒P∙♣♣♣∙∙∙ ∙∙ ▒∙♣♣∙gP∙∙
∙ ∙ ▒▒▒▒▒▒▒▒▒∙P♣P∙▒ ▒
∙∙▒▒▒∙ ∙∙∙∙∙∙∙∙∙∙P∙∙▒ ▒
∙∙∙∙∙∙▒▒▒▒∙∙∙∙∙∙∙∙▒∙▒
▒▒
▒∙∙∙∙∙gS∙∙∙∙∙∙∙∙∙∙∙▒▒▒∙
▒∙∙∙∙∙hg∙∙∙∙∙∙∙∙∙∙∙∙∙∙∙
▒∙∙∙∙∙∙∙∙$∙∙∙∙∙∙∙∙∙∙▒▒▒
▒∙∙∙∙∙∙∙▒∙∙∙∙∙∙∙∙∙∙∙∙∙∙
▒∙∙∙▒▒∙∙∙∙∙∙∙∙∙∙∙▒▒∙▒▒▒
▒▒▒∙∙∙∙∙∙$∙∙∙∙∙∙∙▒▒∙∙∙∙
▒▒▒▒∙∙∙∙∙∙∙∙∙∙∙▒▒▒▒▒▒
▒▒∙∙∙>∙▒▒∙▒▒▒▒▒ ▒
▒∙∙∙∙♣∙♣∙♣▒♣ ▒
▒∙∙∙∙∙∙∙∙(∙▒ ▒


You could see 2 hobgoblins and a ball python.

Vanquished Creatures
  2 ball pythons
  A bat (D:1)
  An endoplasm (D:1)
  A hobgoblin (D:1)
  2 kobolds (D:1)
  A goblin (D:1)
  A rat (D:1)
9 creatures vanquished.

Notes
Turn   | Place    | Note
-------+----------+-------------------------------------------
     0 | D:1      | Zeor the Felid Air Elementalist began the quest for the
                  | Orb.
     0 | D:1      | Reached XP level 1. HP: 7/7 MP: 4/4
   219 | D:1      | Reached XP level 2. HP: 10/11 MP: 0/6
   393 | D:2      | Learned a level 2 spell: Static Discharge
   397 | D:1      | Slain by a hobgoblin

Illustrated notes

Levels and vault maps discovered:
D:1:      minmay_arrival_nine_rooms, layout_rooms, serial_forest,
          infiniplex_forest_clump_long, infiniplex_forest_clump_diagonal,
          infiniplex_forest_fountain, infiniplex_forest_straight_4,
          infiniplex_forest_straight_3, infiniplex_forest_clump_small,
          infiniplex_forest_lined_room_2, infiniplex_forest_clump_long
D:2:      layout_basic, ebering_ecumenical_altar_ruins, basic_altar,
          uniq_natasha, uniq_terence, uniq_sigmund

Action                   || total
-------------------------++-------
Melee: Unarmed           ||     4
       Bite              ||     1
 Cast: Shock             ||    13
       Static Discharge  ||     2
Armor: Skin              ||     2
Dodge: Dodged            ||    29
